 Dungeon Crawl Stone Soup version 0.29-a0-8-g0446c0dae4 (webtiles) character file.

Game seed: 3041729924832887111

130 kae the Ruffian (level 4, -6/36 HPs)
             Began as a Draconian Transmuter on Jan 27, 2022.
             Mangled by a kobold brigand (8 damage)
             ... on level 3 of the Dungeon.
             The game lasted 00:01:48 (2757 turns).

kae the Ruffian (Draconian Transmuter)              Turns: 2757, Time: 00:01:49

Health: -6/36      AC:  2    Str: 13    XL:     4   Next: 90%
Magic:  4/7        EV: 19    Int: 15    God:
Gold:   105        SH:  0    Dex: 16    Spells: 3/7 levels left

rFire   . . .      SeeInvis .     - Unarmed
rCold   . . .      Faith    .   (shield currently unavailable)
rNeg    . . .      Spirit   .   (armour unavailable)
rPois   x          Reflect  .   (helmet currently unavailable)
rElec   .          Harm     .   (cloak currently unavailable)
rCorr   .          Rampage  .   (gloves currently unavailable)
Will    .....                   (boots currently unavailable)
Stlth   +.........              (no amulet)
HPRegen 0.12/turn               (no ring)
MPRegen 0.10/turn               (no ring)

@: mighty, lethally poisoned (-6 -> -7), spider-form
A: venomous fangs, AC +5, tiny, unfitting armour, (cold-blooded)
a: End Transformation


You were on level 3 of the Dungeon.
You were a venomous arachnid creature.
You visited 1 branch of the dungeon, and saw 3 of its levels.

You collected 105 gold pieces.

Inventory:

Scrolls
 c - a scroll of identify
Potions
 a - a potion of resistance
 d - a potion of haste
 e - a potion of brilliance


   Skills:
 + Level 1.9 Fighting
 + Level 2.3 Dodging
 * Level 3.8 Unarmed Combat
 + Level 2.4 Spellcasting
 * Level 3.1 Transmutations
 * Level 1.2 Poison Magic


You had 3 spell levels left.
You knew the following spells:

 Your Spells              Type           Power      Damage    Failure   Level
a - Beastly Appendage     Tmut           22%        N/A       17%         1
b - Spider Form           Tmut/Pois      8%         N/A       47%         3

Your spell library contained the following spells:

 Spells                   Type           Power      Damage    Failure   Level
 Wereblood                Tmut           11%        N/A       22%         2
 Ice Form                 Ice/Tmut       6%         N/A       88%         4


Dungeon Overview and Level Annotations

Branches:
Dungeon (3/15)

Altars:
Elyvilon

Shops:
D:2 :


Innate Abilities, Weirdness & Mutations

You are a venomous arachnid creature.
You have poisonous fangs.
You are tiny and dextrous.
Your spellcasting is less reliable in this form.
Your armour is entirely melded.
You are incapable of wielding weapons or throwing items.
((Your plain brown scales are hard. (AC +5)))
You cannot fit into any form of body armour.
((You are cold-blooded and may be slowed by cold attacks.))


Message History

The kobold brigand hits you with a +0 dagger of speed.
There are monsters nearby!
There are monsters nearby!
You are too injured to fight recklessly!
You are too injured to fight recklessly!
You are too injured to fight recklessly!
You are too injured to fight recklessly!
You are too injured to fight recklessly!
You are too injured to fight recklessly!
Casting: Beastly Appendage (safe; 6% risk of failure)
Confirm with . or Enter, or press ? or * to list all spells.
The spell is quite dangerous to miscast (26% risk of failure)!
Continue anyway? [Y]es or [N]o only, please.
The spell is quite dangerous to miscast (26% risk of failure)!
Continue anyway?
Your horns disappear.
Your talons disappear.
You turn into a venomous arachnid creature.
You feel sick. The kobold hits you with a +0 dagger.
The kobold brigand misses you.
It was a potion of might.
You feel very mighty all of a sudden.
You feel sick.
The kobold brigand hits you with a +0 dagger of speed.
The kobold completely misses you.
You completely miss the kobold brigand.
You feel sick.
The kobold brigand hits you with a +0 dagger of speed.
* * * LOW HITPOINT WARNING * * *
The kobold closely misses you.
The kobold brigand hits you with a +0 dagger of speed.
* * * LOW HITPOINT WARNING * * *
You bite the kobold brigand!
The kobold brigand is moderately wounded.
You feel sick. The kobold hits you with a +0 dagger.
* * * LOW HITPOINT WARNING * * *
The kobold brigand closely misses you.
Okay, then.
You hit the kobold brigand.
The kobold brigand is heavily wounded.
You feel sick.
The kobold brigand hits you with a +0 dagger of speed!
You die...

...# #.....##≈≈##..#
#.# # )..#
#....).#≈≈#..## #.#
...# #......#≈##..#
... ...# #......#
#..## ...#
#......###..# ...#
#.......##..# ...#
#.....#.##.)# ####
#.....#.##..#≈ #####
#######.#.s##≈≈
#...# #.#KK#≈≈≈≈#
#...# #.#..##≈≈≈#
#...## #.##.. ≈≈≈###
#...#. #..#.. #≈...#
#...†. ##.##..
≈.#.####...## #..#..
#.#.##.......
##.#)!##.#(...#†###.
#†# ##........# .


You could see a kobold brigand and a kobold.

Vanquished Creatures
  An iguana (D:2)
  A gnoll (D:1)
  3 adders
  A worm (D:2)
  A dart slug (D:1)
  5 endoplasms
  5 giant cockroaches
  6 hobgoblins
  6 jackals
  A ball python (D:2)
  6 bats
  5 frilled lizards (D:1)
  8 goblins
  11 kobolds
  5 rats
65 creatures vanquished.

Notes
Turn   | Place    | Note
-------+----------+-------------------------------------------
     0 | D:1      | kae the Draconian Transmuter began the quest for the Orb.
     0 | D:1      | Reached XP level 1. HP: 16/16 MP: 3/3
   243 | D:1      | Reached XP level 2. HP: 15/23 MP: 3/5
   499 | D:1      | Found a faded altar of an unknown god.
   719 | D:1      | Reached XP level 3. HP: 28/28 MP: 4/6
  1204 | D:2      | Learned a level 3 spell: Spider Form
  1413 | D:2      | Found Qewathra's Book Shop.
  1676 | D:2      | Reached XP level 4. HP: 11/36 MP: 7/7
  2256 | D:3      | Reached skill level 1 in Poison Magic
  2590 | D:3      | Found a white marble altar of Elyvilon.
  2747 | D:3      | Noticed a kobold brigand
  2757 | D:3      | Mangled by a kobold brigand

Illustrated notes

Levels and vault maps discovered:
D:1:      dpeg_arrival_tiny_d, layout_basic, basic_ecumenical_altar,
          minmay_pentomino_o2
D:2:      layout_basic, serial_shops, nicolae_square_shop
D:3:      cheibrodos_thug_alley, layout_basic, mainiacjoe_overflow_alcove_2,
          nicolae_overflow_crystal_walls, palyth_stone_intersect,
          wad_woods_river_04

Skill      XL: |  1  2  3  4 |
---------------+-------------+-----
Dodging        | 2 |  2.3
Transmutations | 3 |  3.1
Poison Magic   | 1 |  1.2
Fighting       | |  1.9
Unarmed Combat | |  3.8
Spellcasting   | |  2.4

Action                   |  1- 3 |  4- 6 || total
-------------------------+-------+-------++-------
Melee: Unarmed           |   110 |    81 ||   191
       Headbutt          |    10 |     6 ||    16
       Kick              |    26 |    12 ||    38
       Tailslap          |     6 |     5 ||    11
       Punch             |       |     1 ||     1
 Cast: Beastly Appendage |    27 |    15 ||    42
       Spider Form       |       |     1 ||     1
  Use: Scroll            |       |     4 ||     4
       Potion            |       |     1 ||     1
 Stab: Sleeping          |     1 |       ||     1
Armor: Skin              |    32 |    31 ||    63
Dodge: Dodged            |    78 |    63 ||   141

Table legend: (Time is in decaauts)
 A = Elapsed time spent in this place.
 B = Non-inter-level travel time spent in this place.
 C = Inter-level travel time spent in this place.
 D = Time resting spent in this place.
 E = Time spent auto-exploring this place.
 F = Levels seen in this place.
 G = Mean time per level.
                   A        B        C        D        E       F      G
               +--------+--------+--------+--------+--------+-----+--------+
         Total |   2753 |   2725 |     28 |      0 |   2245 |   3 |  917.7 |
       Dungeon |   2753 |   2725 |     28 |      0 |   2245 |   3 |  917.7 |
               +--------+--------+--------+--------+--------+-----+--------+

Top non-repeatable levels by time:
     D:1: 1194 daAuts
     D:2: 1023 daAuts
     D:3: 535 daAuts
